 Dungeon Crawl Stone Soup version 0.29.0-15-g675c0067aa (webtiles) character file.

Game seed: 18241769786318402200

591 qw the Chopper (level 7, -1/44 HPs)
             Began as a Gargoyle Delver on Sept 11, 2022.
             Was a Follower of Okawaru.
             Killed from afar by a wretched star (28 damage)
             ... with a lance of force
             ... on level 1 of the Abyss.
             The game lasted 00:01:56 (5710 turns).

qw the Chopper (Gargoyle Delver)                    Turns: 5710, Time: 00:01:57

Health: -1/44      AC: 16    Str: 18    XL:     7   Next: 39%
Magic:  6/8        EV: 13    Int: 10    God:    Okawaru [*.....]
Gold:   175        SH:  0    Dex: 11    Spells: 6/6 levels left

rFire   . . .      SeeInvis .   Y - +2 hand axe
rCold   . . .      Faith    .   (no shield)
rNeg    + . .      Spirit   .   a - +0 ring mail
rPois   inf        Reflect  .   j - +2 helmet
rElec   +          Harm     .   (no cloak)
rCorr   .          Rampage  .   e - +0 pair of gloves
Will    .....                   (no boots)
Stlth   ++++......              (no amulet)
HPRegen 0.14/turn               (no ring)
MPRegen 0.11/turn               (no ring)

@: heroic
A: sickness immunity, AC +4, negative energy resistance 1, electricity
resistance, torment resistance 1, petrification resistance
a: Renounce Religion, Heroism


You were on level 1 of the Abyss.
You worshipped Okawaru.
Okawaru was aware of your devotion.
You visited 2 branches of the dungeon, and saw 6 of its levels.
You visited the Abyss 1 time.

You collected 175 gold pieces.


Innate Abilities, Weirdness & Mutations

You are immune to sickness and miasma.
Your stone body is resilient. (AC +4)
You are immune to poison.
You resist negative energy. (rN+)
You are resistant to electric shocks. (rElec)
You are resistant to unholy torment.
You are immune to petrification.


   Skills:
 - Level 4.4(9.4) Fighting
 + Level 6.2(11.2) Axes
 - Level 2.0(7.0) Armour
 - Level 1.5(6.5) Dodging
 - Level 5.4(10.4) Stealth
 + Level 1.7 Invocations


You had 6 spell levels left.
You didn't know any spells.
Your spell library was empty.

Inventory:

Hand Weapons
 i - a +0 mace
 Y - a +2 hand axe (weapon)
Armour
 a - a +0 ring mail (worn)
 e - a +0 pair of gloves (worn)
 j - a +2 helmet (worn)
Wands
 g - a wand of digging (3)
Scrolls
 d - a scroll of identify
Potions
 b - a potion of heal wounds
 f - a potion of haste
 h - 2 potions of curing

Dungeon Overview and Level Annotations

Branches:
Dungeon (5/15)             Temple (1/1) D:4

Altars:
Cheibriados
Dithmenos
Fedhas
Gozag
Hepliaklqana
Kikubaaqudgha
Makhleb
Nemelex Xobeh
Okawaru
Qazlal
Sif Muna
Trog
Uskayaw
Vehumet
Xom
Yredelemnul
Zin
The Shining One

Shops:
D:5 *

Annotations:
D:5 Ijyb


Message History

5043 ||| Stepping ~*~*~tactically~*~*~ (hiding).
You start waiting.
Done waiting.
5145 ||| Stepping ~*~*~tactically~*~*~ (hiding).
You start waiting.
Done waiting.
5247 ||| Stepping ~*~*~tactically~*~*~ (hiding).
You start waiting.
Done waiting.
5349 ||| Stepping ~*~*~tactically~*~*~ (hiding).
You start waiting.
Done waiting.
5451 ||| Stepping ~*~*~tactically~*~*~ (hiding).
You start waiting.
Done waiting.
5553 ||| Stepping ~*~*~tactically~*~*~ (hiding).
You start waiting.
Done waiting.
Ijyb shouts!
Ijyb screams, "Me very upset!"
5655 ||| INVOKING Heroism.
You gain the combat prowess of a mighty hero.
Ijyb hits you but does no damage.
You are cast into the Abyss!
This branch contains the abyssal rune of Zot.
5657 ||| READING 2 scrolls of identify.
As you read the scroll of identify, it crumbles to dust.
b - a potion of heal wounds;
5657 ||| IDENTIFYING fizzy dark potion You feel like a meek peon again.
You hit the wretched star but do no damage.
The wretched star glows turbulently.
The lance of force hits you!
You are knocked back by the lance of force.
You slam into the rock wall!
5710 ||| INVOKING Heroism.
You gain the combat prowess of a mighty hero.
The wretched star glows turbulently.
The lance of force hits you!!
Ouch! That really hurt!
You die...

.....\. .. .
#.....##. . .
#.....#.#.#.# .
#.......#..## #..
#............
....#............
##.#.........#
......*..@#
..##......#
.....###\.# ...#
#.... .. #....# #
#...#.# #.#.....
..#.....


You could see a wretched star.

Vanquished Creatures
  A sky beast (D:4)
  An ice beast (D:5)
  A black bear (D:4)
  2 scorpions (D:4)
  A hound (D:4)
  An iguana (D:4)
  7 adders
  2 ufetubi (D:5)
  A worm (D:2)
  3 dart slugs
  5 ball pythons
  4 endoplasms
  6 giant cockroaches
  7 hobgoblins
  5 jackals
  7 kobolds
  7 quokkas
  3 bats
  A frilled lizard (D:1)
  A goblin (D:2)
  3 rats
69 creatures vanquished.

Vanquished Creatures (others)
  An orc (D:3)
1 creature vanquished.

Grand Total: 70 creatures vanquished

Notes
Turn   | Place    | Note
-------+----------+-------------------------------------------
     0 | D:5      | qw the Gargoyle Delver began the quest for the Orb.
     0 | D:5      | Reached XP level 1. HP: 14/14 MP: 1/1
     0 | D:5      | 0 ||| qw: Version: 0.1-a-117-gfe26ee0
     0 | D:5      | 0 ||| qw: Game counter: 9967
     0 | D:5      | 0 ||| qw: Always use a shield: true
     0 | D:5      | 0 ||| qw: God list: Okawaru
     0 | D:5      | 0 ||| qw: Allow faded altars: false
     0 | D:5      | 0 ||| qw: Do Orc after D:15 true
     0 | D:5      | 0 ||| qw: Do second Lair branch before Depths: true
     0 | D:5      | 0 ||| qw: Lair rune preference: random
     0 | D:5      | 0 ||| qw: Plans: Normal
     0 | D:5      | 0 ||| PLANNING D:1-11
    11 | D:5      | 11 ||| READING scroll labelled BUNLYU WU XYOT.
    12 | D:5      | 12 ||| DROPPING scroll of fog.
    13 | D:5      | 13 ||| DROPPING scroll of magic mapping.
    14 | D:5      | 14 ||| DROPPING scroll of fear.
    29 | D:4      | 29 ||| Stepping ~*~*~tactically~*~*~ (hiding).
    40 | D:4      | Reached skill level 2 in Axes
   167 | D:3      | Reached XP level 2. HP: 6/19 MP: 2/2
   389 | D:3      | Reached skill level 3 in Axes
   389 | D:3      | Reached XP level 3. HP: 16/23 MP: 3/3
   543 | D:3      | 543 ||| FLEEEEING.
   544 | D:3      | 544 ||| FLEEEEING.
   547 | D:3      | 547 ||| STAIRDANCE
   678 | D:2      | 678 ||| Stepping ~*~*~tactically~*~*~ (stealth).
  1266 | D:1      | Found a faded altar of an unknown god.
  1570 | D:1      | 1570 ||| UPGRADING to +0 pair of gloves.
  1575 | D:1      | 1575 ||| UPGRADING to +2 helmet.
  1580 | D:1      | 1580 ||| READING scroll labelled MUAR HIUSTRAXT.
  1581 | D:1      | 1581 ||| READING scroll labelled GIXICU ZYESAN.
  1582 | D:1      | 1582 ||| DRINKING 2 ruby potions.
  1763 | D:2      | 1763 ||| Stepping ~*~*~tactically~*~*~ (stealth).
  1910 | D:2      | Reached XP level 4. HP: 17/28 MP: 4/4
  2229 | D:2      | Reached skill level 4 in Axes
  2494 | D:2      | 2494 ||| DRINKING 2 emerald potions.
  2495 | D:2      | 2495 ||| READING 2 scrolls of identify.
  2495 | D:2      | 2495 ||| IDENTIFYING blue potion
  2496 | D:2      | 2496 ||| DROPPING potion of flight.
  2497 | D:2      | 2497 ||| DROPPING potion of magic.
  2537 | D:3      | Reached skill level 1 in Armour
  2755 | D:3      | 2755 ||| Stepping ~*~*~tactically~*~*~ (stealth).
  2874 | D:3      | 2874 ||| Stepping ~*~*~tactically~*~*~ (stealth).
  3134 | D:3      | 3134 ||| Stepping ~*~*~tactically~*~*~ (hiding).
  3236 | D:3      | 3236 ||| Stepping ~*~*~tactically~*~*~ (hiding).
  3412 | D:3      | 3412 ||| DRINKING 2 purple potions.
  3449 | D:3      | 3449 ||| DROPPING potion of lignification.
  3612 | D:4      | Found a radiant altar of Vehumet.
  3748 | D:4      | Reached XP level 5. HP: 26/32 MP: 5/5
  3861 | D:4      | Reached skill level 5 in Axes
  3902 | D:4      | Found a staircase to the Ecumenical Temple.
  3903 | D:4      | 3903 ||| PLANNING TEMPLE
  3903 | D:4      | 3903 ||| READING scroll labelled BOH YG NECVA.
  3904 | D:4      | 3904 ||| READING 2 scrolls of identify.
  3904 | D:4      | 3904 ||| IDENTIFYING brown potion
  3905 | D:4      | 3905 ||| DROPPING potion of ambrosia.
  3909 | D:4      | 3909 ||| FLEEEEING.
  3910 | D:4      | 3910 ||| FLEEEEING.
  3911 | D:4      | 3911 ||| FLEEEEING.
  3918 | D:4      | 3918 ||| STAIRDANCE
  3924 | D:4      | 3924 ||| FLEEEEING.
  3925 | D:4      | 3925 ||| FLEEEEING.
  3926 | D:4      | 3926 ||| STAIRDANCE
  3939 | D:4      | Reached XP level 6. HP: 20/38 MP: 6/6
  3939 | D:4      | 3939 ||| STAIRDANCE
  4098 | Temple   | Entered the Ecumenical Temple
  4102 | Temple   | 4102 ||| PLANNING D:1-11
  4106 | Temple   | Became a worshipper of Warmaster Okawaru
  4285 | D:4      | Noticed a black bear
  4299 | D:4      | Killed a black bear
  4645 | D:4      | Noticed a sky beast
  4671 | D:4      | Killed a sky beast
  4671 | D:4      | Reached * piety under Okawaru
  4672 | D:4      | Reached skill level 6 in Axes
  4672 | D:4      | Reached XP level 7. HP: 36/44 MP: 7/7
  4749 | D:4      | 4749 ||| UPGRADING to +0 ring mail.
  4759 | D:4      | 4759 ||| DROPPING +0 leather armour.
  4760 | D:4      | 4760 ||| READING scroll labelled BUNYUS DILYA.
  4851 | D:5      | Reached skill level 1 in Invocations
  4862 | D:5      | 4862 ||| READING scroll of enchant weapon.
  4862 | D:5      | 4862 ||| ENCHANTING +1 hand axe.
  4868 | D:5      | 4868 ||| Stepping ~*~*~tactically~*~*~ (stealth).
  4903 | D:5      | Found Dyqomapt's Gadget Gallery.
  4940 | D:5      | Noticed Ijyb
  4941 | D:5      | 4941 ||| Stepping ~*~*~tactically~*~*~ (hiding).
  5043 | D:5      | 5043 ||| Stepping ~*~*~tactically~*~*~ (hiding).
  5145 | D:5      | 5145 ||| Stepping ~*~*~tactically~*~*~ (hiding).
  5247 | D:5      | 5247 ||| Stepping ~*~*~tactically~*~*~ (hiding).
  5349 | D:5      | 5349 ||| Stepping ~*~*~tactically~*~*~ (hiding).
  5451 | D:5      | 5451 ||| Stepping ~*~*~tactically~*~*~ (hiding).
  5553 | D:5      | 5553 ||| Stepping ~*~*~tactically~*~*~ (hiding).
  5655 | D:5      | 5655 ||| INVOKING Heroism.
  5656 | Abyss:1  | Cast into level 1 of the Abyss (Ijyb)
  5657 | Abyss:1  | 5657 ||| READING 2 scrolls of identify.
  5657 | Abyss:1  | 5657 ||| IDENTIFYING fizzy dark potion
  5707 | Abyss:1  | Noticed a wretched star
  5710 | Abyss:1  | 5710 ||| INVOKING Heroism.
  5710 | Abyss:1  | Killed from afar by a wretched star

Levels and vault maps discovered:
D:1:      shiori_arrival_maze, layout_basic,
          hellmonk_ecumenical_altar_crossroads, minmay_statues_item,
          chequers_mini_garden
D:2:      layout_basic, grunt_ministairs_2, kennysheep_minor_cross
D:3:      layout_rooms, kennysheep_flooded_box, minmay_misc_feat_five
D:4:      layout_loops_corners, lemuel_round_altar, minmay_temple_entry_mist
D:5:      layout_rooms, mainiacjoe_overflow_paths, nicolae_shop_gadgets,
          uniq_ijyb
Temple:   sentei_temple_godly_chess
Abyss:1:  base:
D:2

Skill      XL: |  1  2  3  4  5  6  7 |
---------------+----------------------+-----
Axes           | 2 3 4 5 6 |  6.2
Armour         | 1 2 |  2.0
Fighting       | 4 |  4.4
Invocations    | 1 |  1.7
Dodging        | |  1.5
Stealth        | |  5.4

Action                   |  1- 3 |  4- 6 |  7- 9 || total
-------------------------+-------+-------+-------++-------
Melee: Hand axe          |    90 |   190 |    26 ||   306
       Punch             |     2 |       |       ||     2
Invok: Heroism           |       |       |     2 ||     2
  Use: Scroll            |     3 |     3 |     3 ||     9
       Potion            |     1 |     2 |       ||     3
 Stab: Sleeping          |       |     1 |       ||     1
Armor: Leather armour    |    28 |    99 |       ||   127
       Ring mail         |       |       |    25 ||    25
Dodge: Dodged            |    45 |    95 |    25 ||   165

Table legend:
 A = Non-vault XP
 B = Vault XP
 C = Vault XP percentage of total XP
 D = Non-vault monster count
 E = Vault monster count
 F = Vault count percentage of total count
                 A         B        C        D         E       F
            +---------+---------+-------+---------+---------+-------
      Total |     838 |       7 |   0.8 |      65 |       4 |   5.8
            +---------+---------+-------+---------+---------+-------
        D:1 |      12 |       3 |  20.0 |       7 |       2 |  22.2
        D:2 |      50 |       4 |   7.4 |      20 |       2 |   9.1
        D:3 |      78 |       0 |   0.0 |      16 |       0 |   0.0
        D:4 |     527 |       0 |   0.0 |      17 |       0 |   0.0
        D:5 |     171 |       0 |   0.0 |       5 |       0 |   0.0
            +---------+---------+-------+---------+---------+-------
